 Dungeon Crawl Stone Soup version 0.26-a0-1126-g3318b609a0 (webtiles) character file.

Game seed: 15715835417286512820

278 kae the Insei (level 6, -1/49 HPs)
             Began as a Demonspawn Monk on Dec 17, 2020.
             Splashed by a jelly's acid (9 damage)
             ... on level 5 of the Dungeon.
             The game lasted 00:02:40 (4376 turns).

kae the Insei (Demonspawn Monk)                     Turns: 4376, Time: 00:02:40

Health: -1/49      AC: -2    Str: 13    XL:     6   Next: 5%
Magic:  6/6        EV: 11    Int: 11    God:
Gold:   203        SH:  0    Dex: 16    Spells: 5/5 levels left

rFire    . . .     SeeInvis .     - Unarmed
rCold    + . .     Faith    .   (no shield)
rNeg     . . .     Spirit   .   k - +0 ring mail
rPois    .         Reflect  .   (no helmet)
rElec    .         Harm     .   (no cloak)
rCorr    .         Rampage  .   j - +0 pair of gloves
Will     .....                  (no boots)
Stlth    +.........             (no amulet)
HPRegen  0.16/turn              (no ring)
MPRegen  0.10/turn              (no ring)

@: corroded
A: cold resistance 1, demonic guardian 1, freezing cloud immunity
a: no special abilities


You were on level 5 of the Dungeon.
You visited 1 branch of the dungeon, and saw 5 of its levels.

You collected 203 gold pieces.

Inventory:

Armour
 a - a +1 robe
 j - a +0 pair of gloves (worn)
 k - a +0 ring mail (worn)
Scrolls
 b - a scroll of teleportation
 h - 5 scrolls of magic mapping
 s - 2 scrolls of blinking
Potions
 c - a potion of magic
 e - a potion of might
 f - 3 potions of haste
 g - a potion of brilliance
 l - a potion of heal wounds
 m - 2 potions of berserk rage {unknown}
 n - 2 potions of lignification {unknown}
 o - 2 potions of degeneration {unknown}
 p - a potion of flight {unknown}
 q - a potion of curing {unknown}


   Skills:
 + Level 4.5 Fighting
 - Level 2.6 Dodging
 - Level 1.7 Stealth
 * Level 5.3 Unarmed Combat


You had 5 spell levels left.
You didn't know any spells.
Your spell library was empty.

Dungeon Overview and Level Annotations

Branches:
Dungeon (5/15)
 Temple: D:4-7

Altars:
Ashenzari
Fedhas

Annotations:
D:3 1 runed translucent door, harkrass's ghost, amateur MiFi


Innate Abilities, Weirdness & Mutations

Your flesh is cold resistant. (rC+)
A weak demonic guardian rushes to your aid.
You are immune to freezing clouds.


Message History

Something misses your quasit.
The gnoll hits your quasit from afar with a +0 spear.
Your quasit disappears in a puff of smoke!
You see here a +0 spear.
Your iron imp hits the gnoll!
The gnoll dies!
You hit the jelly. The acid corrodes you!
Your hands burn!
The jelly is lightly wounded.
The jelly hits you but does no damage.
You hit the jelly.
Your hands burn!
* * * LOW HITPOINT WARNING * * *
The jelly is heavily wounded.
The jelly closely misses you.
You hit the jelly but do no damage. The acid corrodes you!
Your hands burn!
* * * LOW HITPOINT WARNING * * *
The jelly is heavily wounded.
The jelly hits you.
* * * LOW HITPOINT WARNING * * *
You are splashed with acid!
You die...

#.).. ..# # #
#..# #.# .#.##
#..######[##.....
#.).)g.........#
##......)......#
########5##.#.#
#.##..(.
#5##.#.## ###
#.J@....#
....####.##.#..#
#......##.#..#
####.........#
#.#.##.##<#
#.#.##.##.#
#.#.......# #####
#.####.####
###...####.# #.#


You could see a jelly and a friendly iron imp (summoned).

Vanquished Creatures
  A gnoll shaman (D:5)
  An orc wizard (D:5)
  A worker ant (D:5)
  2 gnolls (D:5)
  4 adders
  A shadow imp (D:3)
  A white imp (D:5)
  An adder skeleton (D:5)
  A dart slug (D:2)
  2 leopard geckos
  7 orcs
  2 ball pythons
  2 giant cockroaches (D:1)
  8 goblins
  8 hobgoblins
  5 jackals
  5 kobolds
  A quokka (D:2)
  5 bats (D:2)
  4 frilled lizards
  7 rats
69 creatures vanquished.

Vanquished Creatures (collateral kills)
  An ogre (D:4)
  2 gnolls (D:5)
3 creatures vanquished.

Vanquished Creatures (others)
  5 toadstools (D:1)
5 creatures vanquished.

Grand Total: 77 creatures vanquished

Notes
Turn   | Place    | Note
-------+----------+-------------------------------------------
     0 | D:1      | kae the Demonspawn Monk began the quest for the Orb.
     0 | D:1      | Reached XP level 1. HP: 18/18 MP: 1/1
   304 | D:1      | Reached skill level 3 in Unarmed Combat
   383 | D:1      | Gained mutation: Your flesh is cold resistant. (rC+)
                  | [demonic ancestry]
   383 | D:1      | Reached XP level 2. HP: 19/24 MP: 2/2
  1088 | D:2      | Reached XP level 3. HP: 29/29 MP: 3/3
  2282 | D:2      | Reached skill level 4 in Unarmed Combat
  2282 | D:2      | Gained mutation: A weak demonic guardian rushes to your
                  | aid. [demonic ancestry]
  2282 | D:2      | Reached XP level 4. HP: 33/37 MP: 4/4
  2829 | D:3      | Found a runed translucent door.
  2837 | D:3      | Noticed harkrass's ghost (amateur MiFi)
  3123 | D:3      | Found a blossoming altar of Fedhas.
  3498 | D:4      | Found a broken altar of Ashenzari.
  3637 | D:4      | Noticed an ogre
  3667 | D:4      | Killed an ogre
  3668 | D:4      | Reached XP level 5. HP: 16/42 MP: 5/5
  4086 | D:5      | Entered Level 5 of the Dungeon
  4278 | D:5      | Reached skill level 5 in Unarmed Combat
  4358 | D:5      | Gained mutation: You are immune to freezing clouds.
                  | [demonic ancestry]
  4358 | D:5      | Reached XP level 6. HP: 15/49 MP: 6/6
  4376 | D:5      | Splashed by a jelly's acid

Illustrated notes

Levels and vault maps discovered:
D:1:      ldierk_walled_garden, layout_loops_ring, minmay_hedge_maze,
          kennysheep_crisscross, minmay_heptomino_o4
D:2:      minmay_wonky_spiral, layout_basic
D:3:      layout_loops_cross, ebering_ghost_sewer_d, fedhas_altar_fruit_tree
D:4:      layout_basic, old_standard_altar, kennysheep_generic_room_11
D:5:      layout_loops_ring, minmay_temple_entry_arrows, nrook_pool_corridor,
          uniq_grinder, uniq_edmund

Skill      XL: |  1  2  3  4  5 |
---------------+----------------+-----
Unarmed Combat | 3 4 5 |  5.3
Fighting       | 4 |  4.5
Dodging        | |  2.6
Stealth        | |  1.7

Action                   |  1- 3 |  4- 6 || total
-------------------------+-------+-------++-------
Melee: Unarmed           |   164 |   165 ||   329
       Punch             |     4 |     6 ||    10
  Use: Scroll            |     4 |     8 ||    12
 Stab: Sleeping          |     9 |       ||     9
Armor: Robe              |    31 |     3 ||    34
       Ring mail         |       |    36 ||    36
Dodge: Dodged            |   116 |    81 ||   197

Table legend: (Time is in decaauts)
 A = Elapsed time spent in this place.
 B = Non-inter-level travel time spent in this place.
 C = Inter-level travel time spent in this place.
 D = Time resting spent in this place.
 E = Time spent auto-exploring this place.
 F = Levels seen in this place.
 G = Mean time per level.
                   A        B        C        D        E       F      G
               +--------+--------+--------+--------+--------+-----+--------+
         Total |   4351 |   4186 |    165 |    188 |   3363 |   5 |  870.2 |
       Dungeon |   4351 |   4186 |    165 |    188 |   3363 |   5 |  870.2 |
               +--------+--------+--------+--------+--------+-----+--------+

Top non-repeatable levels by time:
     D:2: 1573 daAuts
     D:1: 919 daAuts
     D:4: 882 daAuts
     D:3: 691 daAuts
     D:5: 284 daAuts
